 Dungeon Crawl Stone Soup version 0.21.1-1-g345015fe64 (webtiles) character file.

64 Htamos the Skirmisher (level 4, -5/30 HPs)
             Began as a Gargoyle Berserker on July 15, 2018.
             Was a Follower of Trog.
             Slain by Sigmund
             ... wielding a +0 scythe
              (6 damage)
             ... on level 2 of the Dungeon.
             The game lasted 00:02:57 (1440 turns).

Htamos the Skirmisher (Gargoyle Berserker)          Turns: 1440, Time: 00:02:57

Health: -5/30      AC:  9    Str: 21    XL:     4   Next: 12%
Magic:  4/4        EV: 11    Int:  8    God:    Trog [*.....]
Gold:   59         SH:  0    Dex: 14    Spells: 3/3 levels left

rFire    + . .     SeeInvis .   a - +0 mace
rCold    + . .     Gourm    .   f - +0 large shield
rNeg     + . .     Faith    .   l - +0 ring mail
rPois    ∞         Spirit   .   (no helmet)
rElec    +         Reflect  .   (no cloak)
rCorr    +         Harm     .   (no gloves)
MR       .....                  (no boots)
Stlth    +.........             (no amulet)
HPRegen  0.10/turn              (no ring)
MPRegen  0.09/turn              (no ring)

@: confused, agile, resistant, berserk cooldown
A: negative energy resistance 1, electricity resistance, unbreathing,
petrification resistance, rot immunity, AC +3
a: Berserk, Burn Spellbooks, Renounce Religion


You were on level 2 of the Dungeon.
You worshipped Trog.
Trog was aware of your devotion.
You were near starving.

You visited 1 branch of the dungeon, and saw 2 of its levels.

You collected 59 gold pieces.

Inventory:

Hand Weapons
 a - a +0 mace (weapon)
Armour
 b - a +0 animal skin
 f - a +0 large shield (worn)
 l - a +0 ring mail (worn)
Scrolls
 e - a scroll of enchant weapon {unknown}
 g - a scroll of remove curse {unknown}
 h - a scroll of blinking {unknown}
 i - a scroll of teleportation {unknown}
 k - 2 scrolls of immolation {unknown}
Potions
 d - a potion of resistance
Comestibles
 c - 4 rations


   Skills:
 * Level 4.8 Fighting
 + Level 3.7 Maces & Flails
 - Level 2.1 Armour
 - Level 1.5 Dodging


You had 3 spell levels left.
You didn't know any spells.

Dungeon Overview and Level Annotations

Branches:
Dungeon (2/15)

Altars:

Annotations:
D:2 Sigmund


Innate Abilities, Weirdness & Mutations

You are resistant to torment.
Your stone body is resilient. (AC +3)
You are immune to poison.
You resist negative energy. (rN+)
You are resistant to electric shocks. (rElec)
You can survive without breathing.
You are immune to petrification.
You are immune to rotting.


Message History

You hear some strange, mumbled words.
A magic dart appears from out of thin air!
The magic dart hits you!
Your shield prevents you from hitting something.
You block something's attack. Something hits you!
* * * LOW HITPOINT WARNING * * *
All of the chunks of flesh in your inventory have rotted away.
You closely miss something. Something hits you but does no damage.
You miss something.
Your skin stops crawling.
You feel less resistant to hostile enchantments.
Something hits you but does no damage.
You hear some strange, mumbled words.
You are confused.
It was a potion of agility.
You feel agile all of a sudden.
You feel yourself speed up. Something hits you.
* * * LOW HITPOINT WARNING * * *
You hit something but do no damage. Something hits you.
You die...

#.### ......
.....# ....#
....# #.#.# #.#.#
#.#####†#.#
#......{@.#
#######.### #.#
########### #.#
#.........# #.#
#.#######.#
######.####.# #.#
#.........#.#####
#.# ########
#.###...#.......#
#.# .......#
#.##.....##.###.#
#.#


There were no monsters in sight!

Vanquished Creatures
  Terence (D:2)
  4 dart slugs (D:1)
  A leopard gecko (D:2)
  4 giant cockroaches
  2 goblins (D:1)
  5 hobgoblins
  A quokka (D:2)
  2 bats (D:1)
  A frilled lizard (D:1)
  3 kobolds (D:1)
  4 rats
28 creatures vanquished.

Notes
Turn   | Place    | Note
-------+----------+-------------------------------------------
     0 | D:1      | Htamos the Gargoyle Berserker began the quest for the Orb.
     0 | D:1      | Reached XP level 1. HP: 14/14 MP: 1/1
   115 | D:1      | Reached XP level 2. HP: 18/20 MP: 2/2
   205 | D:1      | Reached skill level 4 in Fighting
   518 | D:1      | Reached XP level 3. HP: 14/24 MP: 3/3
  1091 | D:2      | Noticed Terence
  1097 | D:2      | Killed Terence
  1152 | D:2      | Reached XP level 4. HP: 26/30 MP: 4/4
  1258 | D:2      | Reached ** piety under Trog
  1392 | D:2      | Noticed Sigmund
  1439 | D:2      | HP: 1/30 [something (6)]
  1440 | D:2      | Slain by Sigmund

Skill      XL: |  1  2 |
---------------+-------+-----
Fighting       | 4 |  4.8
Maces & Flails | |  3.7
Armour         | |  2.1
Dodging        | |  1.5

Action                   |  1- 3 |  4- 6 || total
-------------------------+-------+-------++-------
Melee: Mace              |    76 |    49 ||   125
Invok: Berserk           |     3 |     1 ||     4
       Trog's Hand       |       |     1 ||     1
  Use: Potion            |       |     3 ||     3
  Eat: Chunk             |     3 |     1 ||     4
Armor: Animal skin       |    21 |       ||    21
       Ring mail         |     5 |    34 ||    39
Dodge: Dodged            |    18 |    14 ||    32
Block: Large shield      |    64 |    38 ||   102
